 Dungeon Crawl Stone Soup version 0.31-a0-632-g766dd24fdf (webtiles) character file.

Game seed: 8317073124508831770

3699 Pooter the Cleaver (level 9, -2/124 HPs)
             Began as a Minotaur Berserker on Aug 25, 2023.
             Was a Priest of Trog.
             Killed from afar by a white imp (6 damage)
             ... with a puff of frost
             ... on level 8 of the Dungeon.
             The game lasted 00:29:11 (7060 turns).

Pooter the Cleaver (Minotaur Berserker)             Turns: 7060, Time: 00:29:11

Health: -2/124     AC: 14    Str: 32    XL:     9   Next: 91%
Magic:  8/8        EV:  6    Int:  4    God:    Trog [***...]
Gold:   28         SH: 10    Dex: 10    Spells: 8/8 levels left

rFire   . . .        a - +6 mace (heavy)
rCold   . . .        e - +0 tower shield
rNeg    . . .        A - +0 plate armour
rPois   .            (helmet restricted)
rElec   .            (no cloak)
rCorr   .            d - +2 pair of gloves
SInv    +            (no boots)
Will    .....        (no amulet) Stlth
                     y - +6 ring of strength
HPRegen 0.40/turn    S - ring of see invisible
MPRegen 0.11/turn

%: no passive effects
@: berserking, very quick
A: horns 2, retaliatory headbutt
a: Renounce Religion, Berserk, Trog's Hand


You were on level 8 of the Dungeon.
You worshipped Trog.
Trog was most pleased with you.
You visited 1 branch of the dungeon, and saw 8 of its levels.

You collected 342 gold pieces.
You spent 314 gold pieces at shops.

Inventory:

Hand Weapons
 a - a +6 heavy mace (weapon)
   (You took it off Blork the orc on level 5 of the Dungeon)
 b - a +0 sling
   (You found it on level 2 of the Dungeon)
 h - a +0 hand axe
 k - a +5 glaive
   (You found it on level 2 of the Dungeon)
 v - a +0 war axe
   (You took it off an orc on level 4 of the Dungeon)
 z - a +0 morningstar
   (You found it on level 5 of the Dungeon)
 B - a +8 battleaxe of freezing
   (You took it off a wight on level 6 of the Dungeon)
Missiles
 c - 7 boomerangs (quivered)
 m - 15 poisoned darts
 Q - 48 stones
Armour
 d - a +2 pair of gloves (worn)
   (You found it on level 1 of the Dungeon)
 e - a +0 tower shield (worn)
   (You found it on level 7 of the Dungeon)
 A - a +0 plate armour (worn)
   (You found it on level 5 of the Dungeon)
Jewellery
 y - a +6 ring of strength (left hand)
   (You found it on level 5 of the Dungeon)
 S - a ring of see invisible (right hand)
   (You found it on level 6 of the Dungeon)
Wands
 f - a wand of flame (23)
   (You found it on level 7 of the Dungeon)
Scrolls
 g - a scroll of silence
 l - 2 scrolls of poison {!r}
 n - a scroll of noise {!r}
 r - 2 scrolls of blinking
 s - 2 scrolls of fog
 t - 6 scrolls of teleportation {@r4}
 D - a scroll of immolation {!r}
 F - a scroll of enchant armour
Potions
 j - a potion of berserk rage {unknown}
 o - a potion of brilliance {unknown}
 p - a potion of attraction {unknown}
 q - a potion of lignification {unknown}
 u - 3 potions of curing {@q1}
 w - a potion of haste {unknown}
 x - a potion of cancellation {unknown}
 C - a potion of enlightenment {unknown}


   Skills:
 + Level 9.1 Fighting
 * Level 9.8(11.1) Axes
 - Level 8.2(10.3) Polearms
 + Level 7.5 Ranged Weapons
 - Level 2.4 Armour
 - Level 2.1 Dodging


You had 8 spell levels left.
You didn't know any spells.
Your spell library was empty.

Dungeon Overview and Level Annotations

Branches:
Dungeon (8/15) Zot: 26983  Temple (0/1) D:6
   Lair: D:8-11

Altars:
Ashenzari
Uskayaw
Yredelemnul
The Shining One

Shops:
D:2 [   D:3 [   D:7 [??


Innate Abilities, Weirdness & Mutations

You have a pair of horns on your head.
You reflexively headbutt those who attack you in melee.


Message History

The white imp hits you but does no damage.
You block the wyvern's attack. The water moccasin barely misses you.
You bludgeon the water moccasin!!
You kill the water moccasin!
Trog accepts your kill. The wyvern bites you. The white imp gestures at you.
The puff of frost hits you but does no damage.
The wyvern bites you but does no damage.
The white imp gestures at you. The puff of frost hits you!
You block the wyvern's attack.
You bludgeon the wyvern!! You headbutt the wyvern. The wyvern bites you!
The white imp gestures at you. The puff of frost hits you.
The wyvern bites you but does no damage.
The white imp gestures at you. You block the puff of frost.
You are too injured to fight recklessly!
You are too injured to fight recklessly!
You are too injured to fight recklessly!
You barely miss the wyvern. Your headbutt misses the wyvern.
The wyvern bites you but does no damage.
The wyvern bites you!
* * * LOW HITPOINT WARNING * * *
The white imp gestures at you. The puff of frost misses you.
The wyvern bites you.
* * * LOW HITPOINT WARNING * * *
You block the white imp's attack.
You completely miss the wyvern. Your headbutt misses the wyvern.
The wyvern hisses menacingly.
You block the wyvern's attack. The wyvern bites you!
* * * LOW HITPOINT WARNING * * *
The white imp gestures at you. The puff of frost hits you.
* * * LOW HITPOINT WARNING * * *
The wyvern bites you!
* * * LOW HITPOINT WARNING * * *
The white imp barely misses you.
A red film seems to cover your vision as you go berserk!
You feel yourself moving faster!
You feel mighty!
The wyvern bites you but does no damage.
The wyvern bites you.
* * * LOW HITPOINT WARNING * * *
The white imp barely misses you.
You bludgeon the wyvern!!
You kill the wyvern!
Trog accepts your kill. The white imp gestures at you.
The puff of frost hits you.
You die...

#####
#...#
#...#
#...#
#5†.###
#@....#
#..8....#
#..../....
#....>.8..
##....[..#
##8...$.#
#...#.#
####..


You could see a white imp.

Vanquished Creatures
  Pikel (D:7)
  Grinder (D:4)
  Prince Ribbit (D:5)
  Sigmund (D:6)
  The ghost of Age the Shield-Bearer, an amateur MiFi (D:4)
  A wyvern (D:8)
  2 steam dragons
  A water moccasin (D:8)
  A sky beast (D:6)
  3 ice beasts
  A black bear (D:5)
  3 lemures (D:7)
  A kobold brigand (D:6)
  Blork the orc (D:5)
  2 necrophages (D:6)
  A scorpion (D:7)
  8 wights
  A human zombie (D:6)
  3 orc priests (D:5)
  A gnoll bouda (D:5)
  5 hounds
  3 jellies
  A sleepcap (D:6)
  4 iguanas
  6 orc wizards
  2 killer bee zombies (D:6)
  2 mummies (D:6)
  7 gnolls
  3 adders
  2 shadow imps
  A white imp (D:5)
  2 ufetubi (D:7)
  A worm (D:5)
  2 dart slugs
  43 orcs
  6 endoplasms
  11 giant cockroaches (D:3)
  9 hobgoblins
  A jackal (D:1)
  2 quokkas
  5 bats
  A frilled lizard (D:1)
  3 goblins (D:1)
  7 kobolds
  3 rats
167 creatures vanquished.

Notes
Turn   | Place    | Note
-------+----------+-------------------------------------------
     0 | D:1      | Pooter the Minotaur Berserker began the quest for the Orb.
     0 | D:1      | Reached XP level 1. HP: 19/19 MP: 0/0
   186 | D:1      | Reached XP level 2. HP: 25/27 MP: 1/1
   425 | D:1      | Reached skill level 1 in Ranged Weapons
   883 | D:2      | Reached XP level 3. HP: 33/33 MP: 2/2
  1077 | D:2      | Found Ecingiak's Armour Emporium.
  1101 | D:2      | Found a glowing golden altar of the Shining One.
  1350 | D:2      | Reached ** piety under Trog
  2005 | D:3      | Reached XP level 4. HP: 40/40 MP: 3/3
  2042 | D:3      | Found Lalidop's Antique Armour Boutique.
  2812 | D:4      | Reached skill level 5 in Axes
  2812 | D:4      | Reached skill level 1 in Polearms
  2875 | D:4      | Found a runed translucent door.
  2875 | D:4      | Noticed Age's ghost (amateur MiFi)
  2888 | D:4      | Killed Age's ghost
  2889 | D:4      | Reached XP level 5. HP: 35/47 MP: 4/4
  2993 | D:4      | Noticed Grinder
  3431 | D:4      | Killed Grinder
  3432 | D:4      | Reached skill level 5 in Fighting
  3432 | D:4      | Reached XP level 6. HP: 56/56 MP: 5/5
  3552 | D:5      | Entered Level 5 of the Dungeon
  3557 | D:5      | Noticed Prince Ribbit
  3665 | D:5      | Reached XP level 7. HP: 61/61 MP: 6/6
  3676 | D:5      | Killed Prince Ribbit
  3694 | D:5      | Reached skill level 5 in Polearms
  4132 | D:5      | Reached XP level 8. HP: 71/71 MP: 7/7
  4266 | D:5      | Found a broken altar of Ashenzari.
  4275 | D:5      | Noticed Blork the orc
  4280 | D:5      | Killed Blork the orc
  4629 | D:5      | Found a runed translucent door.
  4660 | D:5      | Reached skill level 5 in Ranged Weapons
  5108 | D:6      | Found a basalt altar of Yredelemnul.
  5227 | D:6      | Reached XP level 9. HP: 68/80 MP: 8/8
  5318 | D:6      | Reached *** piety under Trog
  5513 | D:6      | Found a staircase to the Ecumenical Temple.
  5547 | D:6      | Noticed Sigmund
  5557 | D:6      | Killed Sigmund
  5776 | D:6      | Found a hide-covered altar of Uskayaw.
  6146 | D:7      | Noticed Pikel
  6151 | D:7      | Killed Pikel
  6473 | D:7      | Found Acuzir's Magic Scroll Shoppe.
  6519 | D:7      | Bought a scroll of identify for 22 gold pieces
  6519 | D:7      | Bought a scroll of enchant armour for 82 gold pieces
  6519 | D:7      | Bought a scroll of identify for 22 gold pieces
  6519 | D:7      | Bought a scroll of identify for 22 gold pieces
  6519 | D:7      | Bought a scroll of identify for 22 gold pieces
  6529 | D:7      | Found Hanoduall's Magic Scroll Emporium.
  6539 | D:7      | Bought a scroll of teleportation for 36 gold pieces
  6539 | D:7      | Bought a scroll of identify for 24 gold pieces
  6539 | D:7      | Bought a scroll of immolation for 48 gold pieces
  6539 | D:7      | Bought a scroll of teleportation for 36 gold pieces
  6690 | D:7      | Found Tedet's Antique Armour Boutique.
  7059 | D:8      | HP: 4/124 [wyvern (5)]
  7060 | D:8      | Killed from afar by a white imp

Illustrated notes

Levels and vault maps discovered:
D:1:      dpeg_arrival_brainrot, layout_loops_ring
D:2:      layout_loops_ring, basic_altar, serial_shops, shop, minmay_liquid_box
D:3:      minmay_roachtagon, layout_loops_ring, serial_shops,
          nicolae_diamond_shop
D:4:      layout_basic, gammafunk_ghost_grave, uniq_grinder
D:5:      minmay_general_purpose_star, layout_basic,
          mainiacjoe_overflow_small_starburst, serial_glass, glass_columns_b,
          glass_columns_b, lightli_church_of_beogh, uniq_blork_the_orc,
          uniq_prince_ribbit1
D:6:      layout_basic, lemuel_mausoleum_altar_yredelemnul,
          general_overflow_altar, minmay_temple_entry_tees, uniq_sigmund
D:7:      nicolae_cairo_tiling_very_big, layout_cave_pods, serial_shops,
          nicolae_shop_just_a_little_nook, nicolae_shop_pleasant_corner_grove,
          nicolae_square_shop, uniq_pikel
D:8:      layout_rooms, serial_shops, shop, grunt_ministairs_1, uniq_maurice,
          uniq_joseph, uniq_jeremiah

Skill      XL: |  1  2  3  4  5  6  7  8  9 |
---------------+----------------------------+-----
Axes           | 4 5 6 7 9 |  9.8
Ranged Weapons | 1 2 3 4 6 7 |  7.5
Fighting       | 4 5 6 7 9 |  9.1
Polearms       | 2 3 5 8 |  8.2
Armour         | |  2.4
Dodging        | |  2.1

Action                     |  1- 3 |  4- 6 |  7- 9 || total
---------------------------+-------+-------+-------++-------
  Melee: Hand axe          |    34 |       |       ||    34
         Headbutt          |     9 |     7 |    21 ||    37
         Glaive            |    45 |    39 |   114 ||   198
         Battleaxe         |       |       |    60 ||    60
         Mace              |       |       |    16 ||    16
   Fire: Sling             |     2 |       |    14 ||    16
  Throw: Boomerang         |     1 |     3 |    12 ||    16
 Invoke: Berserk           |     1 |     2 |     6 ||     9
         Trog's Hand       |       |     2 |    11 ||    13
    Use: Scroll            |     2 |       |    14 ||    16
 Armour: Animal skin       |     6 |       |       ||     6
         Chain mail        |    38 |    20 |    66 ||   124
         Plate armour      |       |       |    52 ||    52
  Dodge: Dodged            |    48 |    12 |    88 ||   148
  Block: Tower shield      |       |       |    16 ||    16

Table legend: (Time is in decaauts)
 A = Elapsed time spent in this place.
 B = Non-inter-level travel time spent in this place.
 C = Inter-level travel time spent in this place.
 D = Time resting spent in this place.
 E = Time spent auto-exploring this place.
 F = Levels seen in this place.
 G = Mean time per level.
                   A        B        C        D        E       F      G
               +--------+--------+--------+--------+--------+-----+--------+
         Total |   7234 |   7024 |    210 |   1156 |   4817 |   8 |  904.2 |
       Dungeon |   7234 |   7024 |    210 |   1156 |   4817 |   8 |  904.2 |
               +--------+--------+--------+--------+--------+-----+--------+

Top non-repeatable levels by time:
     D:5: 1335 daAuts
     D:4: 1230 daAuts
     D:7: 1206 daAuts
     D:6: 952 daAuts
     D:2: 880 daAuts
     D:3: 808 daAuts
     D:1: 804 daAuts
     D:8: 14 daAuts
